 Dungeon Crawl Stone Soup version 0.28-a0-957-g42eb19b844 (console) character file.

Game seed: 2708515226904508183

53 petzl the Vexing (level 3, -6/24 HPs)
             Began as an Octopode Arcane Marksman on Nov 30, 2021.
             Killed from afar by an orc wizard (7 damage)
             ... with a magic dart
             ... on level 2 of the Dungeon.
             The game lasted 00:04:42 (3214 turns).

petzl the Vexing (Octopode Arcane Marksman)         Turns: 3214, Time: 00:04:42

Health: -6/24      AC:  1    Str:  9    XL:     3   Next: 87%
Magic:  5/5        EV: 13    Int: 17    God:
Gold:   151        SH:  0    Dex: 12    Spells: 4/5 levels left

rFire   . . .      SeeInvis .   a - +0 short sword
rCold   . . .      Faith    .   (no shield)
rNeg    . . .      Spirit   .   (helmet restricted)
rPois   .          Reflect  .   (no amulet)
rElec   .          Harm     .   (no ring)
rCorr   .          Rampage  .   (no ring)
Will    .....                   (no ring)
Stlth   +++.......              (no ring)
HPRegen 0.08/turn               (no ring)
MPRegen 0.09/turn               (no ring)
                                (no ring)
                                (no ring)

@: no status effects
A: almost no armour, amphibious, 8 rings, camouflage 1, gelatinous body 1,
(nimble swimmer 1), tentacles
a: no special abilities


You were on level 2 of the Dungeon.
You visited 1 branch of the dungeon, and saw 3 of its levels.

You collected 151 gold pieces.

Inventory:

Hand Weapons
 a - a +0 short sword (weapon)
 b - a +0 hand crossbow
Missiles
 d - 5 bolts
 k - 8 poisoned darts
Jewellery
 j - a ring of poison resistance
 l - an amulet of faith
Scrolls
 f - 4 scrolls of identify {unknown}
 g - a scroll of enchant weapon {unknown}
 i - 2 scrolls of summoning {unknown}
Potions
 c - 5 potions of magic {unknown}
 e - a potion of curing {unknown}
 h - a potion of experience {unknown}


   Skills:
 + Level 1.7 Fighting
 + Level 2.4 Crossbows
 + Level 2.5 Dodging
 + Level 2.0 Stealth
 + Level 1.5 Spellcasting
 - Level 3.0 Hexes


You had 4 spell levels left.
You knew the following spells:

 Your Spells              Type           Power      Damage    Failure   Level
a - Slow                  Hex            44%        N/A       6%          1

Your spell library contained the following spells:

 Spells                   Type           Power      Damage    Failure   Level
 Corpse Rot               Necr/Air       2%         N/A       30%         2
 Poisonous Vapours        Pois/Air       2%         N/A       30%         2
 Inner Flame              Hex/Fire       6%         N/A       32%         3
 Portal Projectile        Hex/Tloc       12%        N/A       32%         3
 Cause Fear               Hex            5%         N/A       52%         4


Dungeon Overview and Level Annotations

Branches:
Dungeon (3/15)

Altars:
Sif Muna

Shops:
D:2 [(


Innate Abilities, Weirdness & Mutations

You cannot wear most types of armour.
You are amphibious.
You can wear up to eight rings at the same time.
Your skin changes colour to match your surroundings (Stealth+).
Your rubbery body absorbs attacks. (AC +1, EV +1)
((You are camouflaged near water. (Stealth+)))
You have tentacles for arms and can constrict up to eight enemies at once.


Message History

You now have 151 gold pieces (gained 9).
You see here a +0 short sword.
The orc shouts!
You hit the orc. You grab the orc.
The orc is moderately wounded.
You constrict the orc. The orc barely misses you.
You completely miss the orc. You squeeze the orc, but do no damage.
The orc is severely wounded.
You constrict the orc.
You kill the orc!
Things that are here:
a +0 hand axe {!f =f}; an orc corpse You see here a +0 dagger {!f =f}.
You see here a +0 war axe {!f =f}.
You barely miss the orc wizard.
The orc priest shouts!
The orc wizard shouts!
You grab the orc wizard. Your squeeze misses the orc wizard.
You constrict the orc wizard.
The orc wizard hits you with a +0 dagger.
The orc priest mumbles some strange prayers to Beogh against you.
Beogh smites you!
The orc shouts!
You release your grip on the orc wizard.
The orc wizard gestures wildly while chanting.
The orc wizard flickers and vanishes!
Deactivating autopickup; reactivate with Ctrl-A.
The orc priest casts a cantrip, but nothing happens.
The orc priest looks braver for a moment.
There is a stone staircase leading up here.
The orc priest casts a cantrip, but nothing happens.
You climb upwards.
Reactivating autopickup.
There is a stone staircase leading down here.
Something hits you.
Deactivating autopickup; reactivate with Ctrl-A.
A magic dart appears from out of thin air!
The magic dart hits you!
* * * LOW HITPOINT WARNING * * *
A magic dart appears from out of thin air!
The magic dart hits you!
You die...

###############.##...###..# #.....##
#.............# ####.....#
#.#.##...###..# #........#
#.#.##....##..####.###....#
#.#.##....)..........#....#
#.#.##..#.##..####.#.#....#########
#.#.##..#..#.....#.#.#...........(.
#.#.##..##.#..##.#.#.##############
#.#.##..##.#..##.#.#.#.............
#.#.##..##.#..##.#.#.#.###########.
#.#.##..##....##.#.#.#.#.........#.
#.#.....###...##.#.#.#.#...........
##.#####.###...##.#.#.#.########.###
#............>.##.#.#.#............<
########.#####.##.#.#.##########.###
#.#..<#.##.#.#...............
#.#.###.##.#.############...#
#.#.###{##.#.# #.... #.#.@....#.#.#
#.... #..........#.# #....
############.# #...# #.# #...# #.#
#...) #.############..##
#.................
#.############.### ### ###


There were no monsters in sight!

Vanquished Creatures
  A worm (D:2)
  A dart slug (D:2)
  2 orcs (D:3)
  3 ball pythons (D:1)
  6 endoplasms
  2 giant cockroaches
  A hobgoblin (D:3)
  7 jackals
  2 quokkas (D:1)
  3 bats
  5 frilled lizards
  A goblin (D:2)
  5 kobolds (D:1)
  4 rats
43 creatures vanquished.

Vanquished Creatures (others)
  2 plants (D:2)
2 creatures vanquished.

Grand Total: 45 creatures vanquished

Notes
Turn   | Place    | Note
-------+----------+-------------------------------------------
     0 | D:1      | petzl the Octopode Arcane Marksman began the quest for the
                  | Orb.
     0 | D:1      | Reached XP level 1. HP: 13/13 MP: 2/2
   170 | D:1      | Reached XP level 2. HP: 18/18 MP: 3/3
   176 | D:1      | Found a shimmering blue altar of Sif Muna.
   187 | D:1      | Reached skill level 1 in Stealth
  1311 | D:1      | Reached XP level 3. HP: 23/23 MP: 5/5
  2040 | D:2      | Found Lutik's Antique Armour Shoppe.
  2240 | D:2      | Found Gedissi's Antique Weapon Boutique.
  3211 | D:2      | HP: 1/24 [something/magic dart (10)]
  3214 | D:2      | Killed from afar by an orc wizard

Illustrated notes

Levels and vault maps discovered:
D:1:      minmay_arrival_widening_spiral_wide, layout_loops_corners,
          serial_bayou_pond_c, minmay_hexomino_r4
D:2:      layout_basic, serial_shops, shop_coins,
          nicolae_shop_overgrown_old_shop
D:3:      cheibrodos_pilgrimage, layout_basic,
          shapermc_ecumenical_altar_starsandcircs

Skill      XL: |  1  2  3 |
---------------+----------+-----
Stealth        | 1 2 |  2.0
Fighting       | |  1.7
Crossbows      | |  2.4
Dodging        | |  2.5
Spellcasting   | |  1.5
Hexes          | |  3.0

Action                   || total
-------------------------++-------
Melee: Short sword       ||    36
       Tentacles         ||    10
       Constrict         ||     8
 Fire: Hand crossbow     ||    72
 Stab: Sleeping          ||     6
Armor: Skin              ||     5
Dodge: Dodged            ||    43

Table legend: (Time is in decaauts)
 A = Elapsed time spent in this place.
 B = Non-inter-level travel time spent in this place.
 C = Inter-level travel time spent in this place.
 D = Time resting spent in this place.
 E = Time spent auto-exploring this place.
 F = Levels seen in this place.
 G = Mean time per level.
                   A        B        C        D        E       F      G
               +--------+--------+--------+--------+--------+-----+--------+
         Total |   3241 |   3017 |    224 |    254 |   2325 |   3 | 1080.3 |
       Dungeon |   3241 |   3017 |    224 |    254 |   2325 |   3 | 1080.3 |
               +--------+--------+--------+--------+--------+-----+--------+

Top non-repeatable levels by time:
     D:1: 1503 daAuts
     D:2: 1389 daAuts
     D:3: 348 daAuts
